 Dungeon Crawl Stone Soup version 0.18.1-48-g4cf74bf (webtiles) character file.

592 sarahorange the Purveyor of Pain (level 7, -7/47 HPs)
             Began as a Demonspawn Necromancer on July 19, 2016.
             Was an Initiate of Kikubaaqudgha.
             Mangled by Dowan
             ... wielding a +0 dagger of electrocution
              (11 damage)
             ... on level 5 of the Dungeon.
             The game lasted 00:49:41 (4801 turns).

sarahorange the Purveyor of Pain (DsNe)             Turns: 4801, Time: 00:49:41

Health: -7/47      AC:  4    Str:  9    XL:     7   Next: 16%
Magic:  2/14       EV: 12    Int: 18    God:    Kikubaaqudgha [......]
Gold:   282        SH:  0    Dex: 13    Spells: 5 memorised, 3 levels left

rFire  . . .     SeeInvis .     l - +0 hunting sling (flame)
rCold  . . .     Gourm    .     a - +0 robe
rNeg   . . .     Faith    .     (no shield)
rPois  .         Spirit   .     (helmet restricted)
rElec  .         Dismiss  .     s - +0 cloak
rCorr  .         Reflect  .     t - +0 pair of gloves
SustAt .         Harm     .     (no boots)
MR     .....                    (no amulet)
Stlth  +++.......               (no ring)
                                p - ring of stealth

@: not resistant to hostile enchantments, fairly stealthy
A: antennae 1, talons 2, demonic guardian 1
a: Renounce Religion


You were on level 5 of the Dungeon.
You worshipped Kikubaaqudgha.
Kikubaaqudgha was noncommittal.
You were hungry.

You visited 2 branches of the dungeon, and saw 6 of its levels.

You collected 282 gold pieces.

Inventory:

Hand Weapons
 e - a +0 short sword
 l - a +0 hunting sling of flaming (weapon)
Missiles
 d - 147 stones (quivered)
 k - 79 sling bullets
 n - 5 poisoned needles
Armour
 a - a +0 robe (worn)
 s - a +0 cloak (worn)
 t - a +0 pair of gloves (worn)
Jewellery
 p - a ring of stealth (left hand)
 y - an uncursed amulet of regeneration
Scrolls
 f - 2 scrolls of remove curse {unknown}
 g - 4 scrolls of identify
 h - 2 scrolls of magic mapping {unknown}
 m - a scroll of amnesia {unknown}
 q - 2 scrolls of fog {unknown}
 r - a scroll of random uselessness {unknown}
 w - a scroll of immolation {unknown}
 x - a scroll of noise {unknown}
 z - a scroll of blinking {unknown}
Potions
 u - a potion of brilliance {unknown}
Books
 b - a book of Necromancy

   Spells                             Type                      Level
   a - Pain                           Necromancy                   1
   b - Animate Skeleton               Necromancy                   1
   c - Vampiric Draining              Necromancy                   3
   d - Regeneration                   Charms/Necromancy            3
   e - Animate Dead                   Necromancy                   4
   f - Control Undead                 Necromancy                   4
Comestibles
 c - 5 bread rations
 i - 5 meat rations
 j - 4 fruits
 o - a slice of pizza
 v - 2 chunks of flesh
 A - a beef jerky


   Skills:
 + Level 0.8 Fighting
 + Level 1.3 Slings
 + Level 2.4 Dodging
 + Level 1.9 Stealth
 * Level 4.8 Spellcasting
 + Level 7.1 Necromancy


You had 3 spell levels left.
You knew the following spells:

 Your Spells              Type           Power        Failure   Level  Hunger
a - Pain                  Necr           ####         1%          1    None
b - Animate Skeleton      Necr           N/A          1%          1    None
c - Vampiric Draining     Necr           ####......   2%          3    ###....
d - Regeneration          Chrm/Necr      ###.......   12%         3    ###....
e - Control Undead        Necr           ####......   10%         4    ####...


Dungeon Overview and Level Annotations

Branches:
Dungeon (5/15)             Temple (1/1) D:4

Altars:
Ashenzari
Cheibriados
Elyvilon
Gozag
Kikubaaqudgha
Okawaru
Pakellas
Sif Muna
Trog
Zin

Shops:
D:4 [

Annotations:
D:5 Dowan, Grinder


Innate Abilities, Weirdness & Mutations

You have a pair of small antennae on your head.
You have razor-sharp toenails.
A weak demonic guardian rushes to your aid.


Message History

Grinder shouts!
Your iron imp hits Duvessa.
Duvessa dies!
Kikubaaqudgha accepts your kill.
Dowan seems overcome with grief, but rights himself reflexively soon after.
Dowan seems to find hidden reserves of power!
You have reached level 7!
Your demonic ancestry asserts itself...
Your toenails lengthen and sharpen.
Dowan hits you but does no damage.
You are electrocuted!
* * * LOW HITPOINT WARNING * * *
Your iron imp barely misses Dowan.
Dowan closely misses you.
Things that are here:
a short sword; a leather armour Your iron imp closely misses Dowan.
Dowan hits you with a dagger of electrocution.
* * * LOW HITPOINT WARNING * * *
You are electrocuted!
You die...
Kikubaaqudgha rasps: "You have failed me!
Welcome... death!"

##################### .
..5.....5...........# ..
#.######)##########.##...
#e# #..e.e. #@# #..##..
#.# #(... #.# ##.##..
##.######## #.# .
#.........# #.#
#..######.# #.# #####..#
#.# #.# #......## #.#
#.####..# #.#


You could see Dowan and a friendly iron imp.

Vanquished Creatures
  A hound (D:4)
  An orc priest (D:3)
  A giant frog skeleton (D:4)
  An orc wizard (D:3)
  Natasha (twice) (D:4)
  A worker ant (D:4)
  7 gnolls (D:2)
  5 adders
  A worm (D:3)
  8 giant geckos
  7 orcs (D:3)
  A ball python (D:3)
  8 bats
  3 giant cockroaches
  7 goblins
  12 hobgoblins
  9 jackals
  3 quokkas
  5 giant newts
  A jackal zombie (D:5)
  6 kobolds
  9 rats
99 creatures vanquished.

Vanquished Creatures (collateral kills)
  Sigmund (D:4)
  Duvessa (D:5)
  An orc wizard (D:3)
  2 adders
  3 orcs (D:3)
  A goblin (D:2)
  A jackal (D:5)
  A kobold (D:2)
  A bat (D:3)
  A rat (D:2)
13 creatures vanquished.

Vanquished Creatures (others)
  Natasha (D:4)
  A butterfly (D:4)
2 creatures vanquished.

Grand Total: 114 creatures vanquished

Notes
Turn   | Place    | Note
--------------------------------------------------------------
     0 | D:1      | sarahorange the Demonspawn Necromancer began the quest for the Orb.
     0 | D:1      | Reached XP level 1. HP: 13/13 MP: 3/3
   355 | D:1      | Gained mutation: You have sharp toenails. [demonic ancestry]
   355 | D:1      | Reached XP level 2. HP: 17/19 MP: 3/5
   584 | D:1      | Learned a level 1 spell: Animate Skeleton
   592 | D:1      | Reached skill level 5 in Necromancy
   845 | D:2      | Reached XP level 3. HP: 20/24 MP: 0/6
  1231 | D:2      | Learned a level 3 spell: Vampiric Draining
  1530 | D:2      | Reached XP level 4. HP: 25/30 MP: 2/8
  1773 | D:2      | Learned a level 3 spell: Regeneration
  1829 | D:2      | Gained mutation: A weak demonic guardian rushes to your aid. [demonic ancestry]
  1829 | D:2      | Reached XP level 5. HP: 26/35 MP: 3/10
  2523 | D:3      | Reached skill level 1 in Slings
  2599 | D:3      | Reached skill level 6 in Necromancy
  3259 | D:3      | Gained mutation: You have a pair of small antennae on your head. [demonic ancestry]
  3259 | D:3      | Reached XP level 6. HP: 38/41 MP: 7/11
  3274 | D:3      | Learned a level 4 spell: Control Undead
  3415 | D:3      | Found a glowing silver altar of Zin.
  3645 | D:4      | Found Quvomioh's Armour Shop.
  3834 | D:4      | Found a staircase to the Ecumenical Temple.
  3843 | Temple   | Entered the Ecumenical Temple
  3861 | Temple   | Became a worshipper of Kikubaaqudgha
  3909 | D:4      | Noticed Sigmund
  4004 | D:4      | Noticed Natasha
  4020 | D:4      | Killed Natasha
  4251 | D:4      | Killed Natasha
  4271 | D:4      | Noticed Natasha
  4279 | D:4      | Killed Natasha
  4386 | D:4      | Killed Sigmund
  4386 | D:4      | Reached skill level 7 in Necromancy
  4566 | D:5      | Entered Level 5 of the Dungeon
  4763 | D:5      | Noticed Duvessa
  4775 | D:5      | Noticed Dowan
  4798 | D:5      | Noticed Grinder
  4798 | D:5      | Killed Duvessa
  4798 | D:5      | Gained mutation: You have razor-sharp toenails. [demonic ancestry]
  4798 | D:5      | Reached XP level 7. HP: 23/47 MP: 2/14
  4801 | D:5      | Mangled by Dowan

Skill      XL: |  1  2  3  4  5  6 |
---------------+-------------------+-----
Necromancy     | 5 6 7 |  7.1
Dodging        | 2 |  2.4
Spellcasting   | 3 4 |  4.8
Slings         | 1 |  1.3
Fighting       | |  0.8
Stealth        | |  1.9

Action                   |  1- 3 |  4- 6 |  7- 9 || total
-------------------------+-------+-------+-------++-------
Melee: Short sword       |     1 |       |       ||     1
       Kick              |     1 |       |       ||     1
 Fire: Hunting sling     |    10 |    35 |       ||    45
Throw: Stone             |     1 |       |       ||     1
 Cast: Pain              |    49 |   130 |       ||   179
       Animate Skeleton  |     5 |     8 |       ||    13
       Vampiric Draining |       |    15 |       ||    15
       Control Undead    |       |     1 |       ||     1
       Regeneration      |       |     1 |       ||     1
  Use: Scroll            |       |     2 |       ||     2
  Eat: Chunk             |     2 |     9 |       ||    11
       Fruit             |       |     1 |       ||     1
       Beef jerky        |       |     1 |       ||     1
Armor: Robe              |     4 |    12 |       ||    16
Dodge: Dodged            |    19 |    36 |     1 ||    56
